 Dungeon Crawl Stone Soup version 0.30-a0-7-g94fe547ab8 (webtiles) character file.

Game seed: 15817788750869825592

256 Plasmagod the Chopper (level 5, -1/45 HPs)
             Began as a Minotaur Fighter on Aug 23, 2022.
             Killed by nerve-wracking pain
             ... invoked by Menkaure
              (14 damage)
             ... on level 4 of the Dungeon.
             The game lasted 00:03:21 (2499 turns).

Plasmagod the Chopper (Minotaur Fighter)            Turns: 2499, Time: 00:03:21

Health: -1/45      AC:  6    Str: 29    XL:     5   Next: 92%
Magic:  4/4        EV:  9    Int:  5    God:
Gold:   137        SH:  4    Dex:  9    Spells: 4/4 levels left

rFire   . . .      SeeInvis .    a - +0 war axe
rCold   . . .      Faith    .    c - +0 buckler
rNeg    . . .      Spirit   .    b - +0 scale mail
rPois   .          Reflect  .    (helmet restricted)
rElec   .          Harm     .    (no cloak)
rCorr   .          Rampage  .    (no gloves)
Will    .....                    (no boots)
Stlth   ..........               (no amulet)
HPRegen 0.15/turn                p - +6 ring of strength
MPRegen 0.09/turn                (no ring)

@: no status effects
A: horns 2, retaliatory headbutt
a: no special abilities


You were on level 4 of the Dungeon.
You visited 1 branch of the dungeon, and saw 4 of its levels.

You collected 137 gold pieces.

Inventory:

Hand Weapons
 a - a +0 war axe (weapon)
Armour
 b - a +0 scale mail (worn)
 c - a +0 buckler (worn)
Jewellery
 p - a +6 ring of strength (left hand)
 s - an amulet of the acrobat
Wands
 m - a wand of polymorph (5)
Scrolls
 f - a scroll of summoning {unknown}
 g - 2 scrolls of identify {unknown}
 i - a scroll of teleportation {unknown}
 j - a scroll of butterflies {unknown}
 l - a scroll of magic mapping {unknown}
 r - a scroll of fear {unknown}
 t - a scroll of noise {unknown}
Potions
 d - a potion of might
 e - 2 potions of invisibility {unknown}
 h - 2 potions of heal wounds {unknown}
 k - a potion of attraction {unknown}
 n - a potion of cancellation {unknown}
 o - 2 potions of degeneration {unknown}
 q - a potion of lignification {unknown}


   Skills:
 - Level 3.6 Fighting
 + Level 7.6 Axes
 - Level 3.6 Armour
 - Level 3.6 Shields


You had 4 spell levels left.
You didn't know any spells.
Your spell library contained the following spells:

 Spells                   Type           Power      Damage    Failure   Level
 Foxfire                  Conj/Fire      0%         2x1d4     83%         1
 Conjure Flame            Conj/Fire      0%         6-21      99%         3
 Inner Flame              Hex/Fire       0%         N/A       99%         3
 Flame Wave               Conj/Fire      0%         2d4       100%        4
 Fireball                 Conj/Fire      0%         3d3       100%        5
 Iskenderun's Battlesphe  Conj           0%         2d6       100%        5
 Conjure Ball Lightning   Conj/Air       0%         3x3d6     100%        6
 Orb of Destruction       Conj           0%         9d5       100%        7


Dungeon Overview and Level Annotations

Branches:
Dungeon (4/15)
 Temple: D:4-7

Altars:
Cheibriados
Gozag
Makhleb
The Shining One

Shops:
D:1 [

Annotations:
D:4 Menkaure


Innate Abilities, Weirdness & Mutations

You have a pair of horns on your head.
You reflexively headbutt those who attack you in melee.


Message History

The jackal barks! x2
The kobold throws a stone.
The stone hits you but does no damage. The jackal barely misses you.
You slash the jackal!
You kill the jackal!
The kobold throws a stone.
The stone hits you but does no damage. The jackal barely misses you.
You furiously retaliate!
You headbutt the jackal!
You kill the jackal!
You slash the jackal!
You kill the jackal!
You see here a jackal corpse.
The kobold barely misses you.
You closely miss the kobold. You headbutt the kobold.
You kill the kobold!
No target in view!
You see here a jackal corpse.
Done exploring.
Done exploring.
There is a stone staircase leading down here.
You climb downwards.
Menkaure shouts!
The goblin shouts!
Found 15 gold pieces and a trident.
Found a stone staircase leading down.
There is a stone staircase leading up here.
You see here 15 gold pieces.
You now have 137 gold pieces (gained 15).
An orc comes into view. It is wielding a +0 whip.
You completely miss the goblin.
Menkaure calls on the powers of darkness!
Your body is wracked with pain!
The goblin hits you with a +0 dagger.
You hear a shout!
You hit the goblin. You headbutt the goblin.
You kill the goblin!
Menkaure blazes with dark energy!
Menkaure calls on the powers of darkness!
Your body is wracked with pain!
* * * LOW HITPOINT WARNING * * *
There is a stone staircase leading up here.
Menkaure casts a spell at you. Pain shoots through your body!
You die...

.........
......... .#
#.......## .#
.........##..#
.............##
.........#...>.
............#
....o..@..#
#.......^##
##.)...).#
####.#....
#M....##.#
#.#...# #
......#
........
#........


You could see Menkaure and an orc.

Vanquished Creatures
  Jessica (D:3)
  Natasha (thrice) (D:2)
  2 orc wizards (D:3)
  4 adders
  A worm (D:3)
  3 dart slugs
  3 orcs (D:3)
  5 endoplasms
  6 giant cockroaches
  A hobgoblin (D:2)
  3 jackals (D:3)
  7 kobolds
  5 quokkas
  4 ball pythons
  A bat (D:3)
  6 frilled lizards
  4 goblins
  5 rats (D:1)
64 creatures vanquished.

Vanquished Creatures (others)
  A plant (D:2)
1 creature vanquished.

Grand Total: 65 creatures vanquished

Notes
Turn   | Place    | Note
-------+----------+-------------------------------------------
     0 | D:1      | Plasmagod the Minotaur Fighter began the quest for the Orb.
     0 | D:1      | Reached XP level 1. HP: 19/19 MP: 0/0
    15 | D:1      | Found a faded altar of an unknown god.
   143 | D:1      | Reached skill level 3 in Axes
   302 | D:1      | Reached XP level 2. HP: 19/26 MP: 1/1
   511 | D:1      | Found Nept's Antique Armour Shop.
   825 | D:2      | Reached skill level 4 in Axes
   830 | D:2      | Reached XP level 3. HP: 24/31 MP: 2/2
  1010 | D:2      | Noticed Natasha
  1027 | D:2      | Killed Natasha
  1028 | D:2      | Reached skill level 5 in Axes
  1028 | D:2      | Reached XP level 4. HP: 26/39 MP: 3/3
  1168 | D:2      | Noticed Natasha
  1173 | D:2      | Killed Natasha
  1177 | D:2      | Noticed Natasha
  1185 | D:2      | Killed Natasha
  1186 | D:2      | Reached skill level 6 in Axes
  1624 | D:3      | Found a glowing golden altar of the Shining One.
  1675 | D:3      | Reached XP level 5. HP: 34/45 MP: 4/4
  1909 | D:3      | Noticed Jessica
  1914 | D:3      | Killed Jessica
  2052 | D:3      | Reached skill level 7 in Axes
  2160 | D:3      | Found a burning altar of Makhleb.
  2160 | D:3      | Found a snail-covered altar of Cheibriados.
  2160 | D:3      | Found an opulent altar of Gozag.
  2493 | D:4      | Noticed Menkaure
  2499 | D:4      | Killed from afar by Menkaure

Illustrated notes

Levels and vault maps discovered:
D:1:      lemuel_arrival_behind_the_door_large, layout_basic,
          ebering_ecumenical_altar_box, serial_shops, nicolae_shop_trees
D:2:      layout_rooms, serial_forest, infiniplex_forest_lined_1,
          infiniplex_forest_zigzag_2, infiniplex_forest_corner_2,
          infiniplex_forest_lined_1, infiniplex_forest_side_room,
          infiniplex_forest_clump_tiny, uniq_natasha
D:3:      layout_loops_cross, tso_oasis_becter, gammafunk_temple_overflow_claw,
          minmay_misc_feat_chi, minmay_close_crescents, uniq_jessica
D:4:      layout_rooms, minmay_temple_entry_enclosed_plants, uniq_blork_the_orc,
          uniq_sigmund, uniq_menkaure

Skill      XL: |  1  2  3  4  5 |
---------------+----------------+-----
Axes           | 3 4 5 6 7 |  7.6
Fighting       | |  3.6
Armour         | |  3.6
Shields        | |  3.6

Action                   |  1- 3 |  4- 6 || total
-------------------------+-------+-------++-------
Melee: War axe           |    56 |    65 ||   121
       Headbutt          |     7 |    10 ||    17
       Unarmed           |     8 |     1 ||     9
Armor: Scale mail        |    23 |    21 ||    44
       Skin              |     3 |       ||     3
Dodge: Dodged            |    39 |    24 ||    63
Block: Buckler           |    21 |    11 ||    32

Table legend: (Time is in decaauts)
 A = Elapsed time spent in this place.
 B = Non-inter-level travel time spent in this place.
 C = Inter-level travel time spent in this place.
 D = Time resting spent in this place.
 E = Time spent auto-exploring this place.
 F = Levels seen in this place.
 G = Mean time per level.
                   A        B        C        D        E       F      G
               +--------+--------+--------+--------+--------+-----+--------+
         Total |   2532 |   2458 |     74 |      0 |   2089 |   4 |  633.0 |
       Dungeon |   2532 |   2458 |     74 |      0 |   2089 |   4 |  633.0 |
               +--------+--------+--------+--------+--------+-----+--------+

Top non-repeatable levels by time:
     D:3: 961 daAuts
     D:1: 828 daAuts
     D:2: 735 daAuts
     D:4: 6 daAuts
